 Dungeon Crawl Stone Soup version 0.30.0-19-gbf45117a57 (webtiles) character file.

Game seed: 11723302600226541489

7667 qw the Cleaver (level 11, -3/71 HPs)
             Began as a Gargoyle Fighter on May 23, 2023.
             Slain by a yak (5 damage)
             ... on level 10 of the Dungeon.
             The game lasted 00:04:35 (9807 turns).

qw the Cleaver (Gargoyle Fighter)                   Turns: 9807, Time: 00:04:35

Health: -3/71      AC: 33    Str: 24    XL:     11   Next: 18%
Magic:  11/11      EV:  7    Int:  9    God:
Gold:   492        SH:  4    Dex:  9    Spells: 10/10 levels left

rFire   . . .        Y - +0 war axe
rCold   . . .        c - +0 buckler
rNeg    + + .        e - +5 plate armour "Liyn" {rCorr}
rPois   inf          n - +0 helmet
rElec   +            o - +0 cloak
rCorr   +            r - +1 pair of gloves
SInv    .            j - +0 pair of boots
Will    .....        k - amulet of the acrobat Stlth
                     s - ring of positive energy
HPRegen 0.31/turn    (no ring)
MPRegen 0.12/turn

%: acrobat
@: no status effects
A: sickness immunity, AC +8, negative energy resistance 1, electricity
resistance, torment resistance 1, petrification resistance
a: no special abilities


You were on level 10 of the Dungeon.
You visited 2 branches of the dungeon, and saw 11 of its levels.

You collected 492 gold pieces.


Innate Abilities, Weirdness & Mutations

You are immune to sickness and miasma.
Your stone body is resilient. (AC +8)
You are immune to poison.
You resist negative energy. (rN+)
You are resistant to electric shocks. (rElec)
You are resistant to unholy torment.
You are immune to petrification.


   Skills:
 - Level 9.0 Fighting
 + Level 11.4 Axes
 - Level 1.0 Throwing
 - Level 9.1 Armour
 - Level 1.2 Dodging
 - Level 5.3 Shields


You had 10 spell levels left.
You didn't know any spells.
Your spell library was empty.

Inventory:

Hand Weapons
 t - a +0 morningstar
 Y - a +0 war axe (weapon)
Missiles
 b - 13 boomerangs (quivered)
Armour
 c - a +0 buckler (worn)
 e - the +5 plate armour "Liyn" (worn) {rCorr}
   (You acquired it on level 1 of the Dungeon)

   rCorr:     It protects you from acid and corrosion.
 j - a +0 pair of boots (worn)
 n - a +0 helmet (worn)
 o - a +0 cloak (worn)
 r - a +1 pair of gloves (worn)
Jewellery
 k - an amulet of the acrobat (around neck)
 s - a ring of positive energy (left hand)
Scrolls
 a - 4 scrolls of identify
Potions
 d - 4 potions of might
 f - 2 potions of haste
 g - 3 potions of curing
 h - a potion of attraction
 i - a potion of resistance
 l - 2 potions of mutation
 m - a potion of lignification

Dungeon Overview and Level Annotations

Branches:
Dungeon (10/15)            Temple (1/1) D:7            Lair (0/5) D:10
    Orc: D:9-12

Altars:
Ashenzari
Cheibriados
Dithmenos
Elyvilon
Gozag
Hepliaklqana
Makhleb
Nemelex Xobeh
Qazlal
Ru
Sif Muna
Trog
Uskayaw
Vehumet
Wu Jian
Xom
Yredelemnul
Zin
The Shining One

Shops:
D:3 [

Annotations:
D:7 5 runed translucent doors, qw's ghost, novice GrFi


Message History

The yak gores you! The wight closely misses you.
The yak gores you but does no damage.
You slash the yak!
You kill the yak!
You slash the yak! You barely miss the yak. The yak gores you!
You block the yak's attack. The wight closely misses you.
You barely miss the yak.
The yak is moderately wounded.
You hit the yak. The yak gores you but does no damage.
You block the yak's attack. The wight barely misses you.
You barely miss the yak.
The yak is lightly wounded.
You hit the yak. You closely miss the yak. x2
The yak barely misses you. You block the yak's attack.
The yak gores you but does no damage. The yak gores you.
The wight hits you from afar with a +0 halberd.
You hit the yak.
The yak is lightly wounded.
You hit the yak but do no damage. You barely miss the yak.
You hit the yak but do no damage. The yak gores you but does no damage.
The yak closely misses you. You block the yak's attack.
The yak gores you but does no damage. The wight hits you but does no damage.
You hit the yak but do no damage.
The yak is lightly wounded.
You slash the yak! x2; You hit the yak. The yak gores you but does no damage.
The yak barely misses you. The yak gores you but does no damage.
The wight hits you but does no damage.
You slash the yak!
The yak is severely wounded.
You barely miss the yak. x2; You hit the yak. x2
The yak gores you. The yak gores you but does no damage. The yak gores you. x3
The wight hits you from afar with a +0 halberd!
You slash the yak!
You kill the yak!
You hit the yak. x2; You slash the yak! You completely miss the yak.
The yak gores you but does no damage. The yak closely misses you.
The yak gores you. The wight hits you but does no damage. The yak gores you.
You die...

##'##..}..##'##....#
#.###...###%%.....#.
####.#+##.####..........
#.......#+#.........###.
#...###..#..#.........#
#.# #.........####### #
..........#
~.~..z)Y..######
~~~~¤..Y@#......#
~.~¤¤¤.YY...###.#
~~.>.~~..###.###.#
~.¤~¤.# #.....# ~~¤.¤.
####### ~~¤¤.. .¤...
.....


You could see 4 yaks and a wight.

Vanquished Creatures
  Pikel (D:6)
  A cyclops (D:7)
  2 trolls (D:9)
  Grinder (D:3)
  3 shadows
  13 yaks
  A vampire (D:9)
  2 steam dragons
  An acid dragon (D:9)
  An orc warrior (D:9)
  2 ice beasts (D:6)
  A sky beast (D:7)
  An ogre (D:5)
  3 centaurs
  2 lemures (D:6)
  A phantom (D:4)
  2 kobold brigands
  2 bullfrogs (D:7)
  7 scorpions
  10 wights
  4 killer bees (D:7)
  2 howler monkeys
  8 electric eels (D:8)
  A centaur zombie (D:7)
  A jelly (D:8)
  4 orc priests
  4 hounds
  3 sleepcaps
  Natasha (thrice) (D:3)
  3 iguanas
  Ijyb (D:3)
  4 orc wizards
  A killer bee zombie (D:7)
  10 adders
  2 white imps (D:6)
  2 ufetubi
  3 worms
  3 dart slugs
  27 orcs
  11 endoplasms
  2 giant cockroaches
  11 goblins
  7 hobgoblins
  3 jackals (D:1)
  21 kobolds
  5 quokkas
  15 ball pythons
  3 bats
  2 frilled lizards (D:2)
  5 rats
228 creatures vanquished.

Vanquished Creatures (others)
  An orc wizard (D:6)
1 creature vanquished.

Grand Total: 229 creatures vanquished

Notes
Turn   | Place    | Note
-------+----------+-------------------------------------------
     0 | D:1      | qw the Gargoyle Fighter began the quest for the Orb.
     0 | D:1      | Reached XP level 1. HP: 14/14 MP: 1/1
     0 | D:1      | 0 ||| qw: Version: 0.2-a-98-g5d7165a
     0 | D:1      | 0 ||| qw: Game counter: 23
     0 | D:1      | 0 ||| qw: Always use a shield: true
     0 | D:1      | 0 ||| qw: God list: Okawaru
     0 | D:1      | 0 ||| qw: Allow faded altars: false
     0 | D:1      | 0 ||| qw: Do Orc after D:15 true
     0 | D:1      | 0 ||| qw: Do second Lair branch before Depths: true
     0 | D:1      | 0 ||| qw: Lair rune preference: random
     0 | D:1      | 0 ||| qw: Plans: Normal, Zot:1-4, God:TSO, Crypt, Tomb,
                  | Pan, Slime:5, Hells, Abyss, Win
     0 | D:1      | 0 ||| PLANNING D:1-11
    28 | D:1      | Reached skill level 2 in Axes
    48 | D:1      | Reached XP level 2. HP: 19/19 MP: 2/2
   213 | D:1      | 213 ||| Stepping ~*~*~tactically~*~*~ (hiding).
   229 | D:1      | Reached skill level 3 in Axes
   270 | D:1      | 270 ||| Stepping ~*~*~tactically~*~*~ (stealth).
   277 | D:1      | Reached XP level 3. HP: 14/23 MP: 3/3
   642 | D:1      | 642 ||| DROPPING +0 club.
   643 | D:1      | 643 ||| UPGRADING to +0 pair of boots.
   648 | D:1      | 648 ||| READING 2 scrolls labelled WEOFIYTTOKE.
   649 | D:1      | 649 ||| READING 3 scrolls labelled DOSORPHA WYPP.
   650 | D:1      | 650 ||| READING scroll labelled GIORATT XOIKEGG.
   651 | D:1      | 651 ||| READING scroll labelled XORUKLITAD.
   651 | D:1      | Identified a scroll of acquirement
   651 | D:1      | 651 ||| ACQUIRING +5 plate armour "Liyn" {rCorr}
   651 | D:1      | Acquired the +5 plate armour "Liyn" {rCorr}
   653 | D:1      | 653 ||| UPGRADING to +5 plate armour "Liyn" {rCorr}.
   663 | D:1      | 663 ||| DROPPING +0 scale mail.
   664 | D:1      | 664 ||| READING scroll labelled EXAROBI BOUSA.
   665 | D:1      | 665 ||| DRINKING 2 fuming golden potions.
   666 | D:1      | 666 ||| DROPPING 2 scrolls of noise.
   741 | D:2      | Reached XP level 4. HP: 28/28 MP: 4/4
   817 | D:2      | Reached skill level 4 in Axes
  1128 | D:2      | Found a basalt altar of Yredelemnul.
  1394 | D:2      | 1394 ||| READING 2 scrolls of identify.
  1394 | D:2      | 1394 ||| IDENTIFYING viscous ruby potion
  1483 | D:3      | 1483 ||| Stepping ~*~*~tactically~*~*~ (stealth).
  1485 | D:3      | 1485 ||| Stepping ~*~*~tactically~*~*~ (stealth).
  1520 | D:3      | Noticed Ijyb
  1526 | D:3      | HP: 5/28 [disintegration (9)]
  1527 | D:3      | 1527 ||| DRINKING 3 potions of heal wounds.
  1535 | D:3      | Killed Ijyb
  1579 | D:3      | Noticed Grinder
  1580 | D:3      | 1580 ||| Stepping ~*~*~tactically~*~*~ (hiding).
  1583 | D:3      | Noticed Natasha
  1607 | D:3      | Killed Natasha
  1608 | D:3      | Reached XP level 5. HP: 29/32 MP: 5/5
  1613 | D:3      | Noticed Natasha
  1617 | D:3      | Paralysed by Grinder for 2 turns
  1619 | D:3      | Killed Natasha
  1620 | D:3      | Reached skill level 5 in Axes
  1621 | D:3      | HP: 8/32 [Grinder (2)]
  1622 | D:3      | 1622 ||| DRINKING 2 potions of heal wounds.
  1630 | D:3      | Killed Grinder
  1631 | D:3      | Reached XP level 6. HP: 40/40 MP: 6/6
  1736 | D:3      | Found Weoheulea's Armour Emporium.
  1754 | D:3      | 1754 ||| SHOPLISTING +0 buckler of positive energy (85
                  | gold, have 78).
  1754 | D:3      | 1754 ||| Stepping ~*~*~tactically~*~*~ (hiding).
  1898 | D:3      | 1898 ||| Stepping ~*~*~tactically~*~*~ (stealth).
  2051 | D:3      | Noticed Natasha
  2059 | D:3      | Killed Natasha
  2114 | D:3      | Found a faded altar of an unknown god.
  2236 | D:3      | Found a sparkling altar of Nemelex Xobeh.
  2240 | D:3      | Found an opulent altar of Gozag.
  2356 | D:3      | 2356 ||| UPGRADING to +1 pair of gloves.
  2361 | D:3      | 2361 ||| READING scroll labelled TOTWIW SI TAALL.
  2365 | D:3      | 2365 ||| DRINKING 2 purple potions.
  2366 | D:3      | 2366 ||| READING 3 scrolls of identify.
  2366 | D:3      | 2366 ||| IDENTIFYING blue potion
  2367 | D:3      | 2367 ||| READING 2 scrolls of identify.
  2367 | D:3      | 2367 ||| IDENTIFYING fuming sapphire potion
  2368 | D:3      | 2368 ||| DROPPING potion of degeneration.
  2387 | D:4      | Identified the +2 leather armour of Refuge {+Blink Regen+
                  | Str+2 Dex-3}
  2495 | D:4      | 2495 ||| Stepping ~*~*~tactically~*~*~ (stealth).
  2496 | D:4      | 2496 ||| Stepping ~*~*~tactically~*~*~ (stealth).
  2513 | D:4      | Reached XP level 7. HP: 42/44 MP: 7/7
  2545 | D:4      | 2545 ||| DROPPING +0 mace.
  2547 | D:4      | 2547 ||| Stepping ~*~*~tactically~*~*~ (stealth).
  2579 | D:4      | 2579 ||| Stepping ~*~*~tactically~*~*~ (stealth).
  2588 | D:4      | Reached skill level 6 in Axes
  2849 | D:4      | 2849 ||| Stepping ~*~*~tactically~*~*~ (stealth).
  2882 | D:4      | 2882 ||| DROPPING +3 whip.
  2888 | D:4      | 2888 ||| Stepping ~*~*~tactically~*~*~ (hiding).
  3031 | D:4      | Found a shimmering altar of Xom.
  3180 | D:4      | 3180 ||| UPGRADING to ring of positive energy.
  3181 | D:4      | 3181 ||| READING scroll labelled AKEYRUKEMOI.
  3182 | D:4      | 3182 ||| READING scroll labelled YCLUUD LYWK.
  3183 | D:4      | 3183 ||| READING scroll labelled SIULIO UJIA.
  3184 | D:4      | 3184 ||| DRINKING 2 emerald potions.
  3185 | D:4      | 3185 ||| DROPPING potion of brilliance.
  3191 | D:5      | Entered Level 5 of the Dungeon
  3199 | D:5      | 3199 ||| DROPPING +0 flail.
  3350 | D:5      | Reached skill level 7 in Axes
  3350 | D:5      | Reached XP level 8. HP: 22/50 MP: 8/8
  3449 | D:5      | Found a sacrificial altar of Ru.
  3528 | D:5      | 3528 ||| DROPPING +1 heavy flail.
  3569 | D:5      | 3569 ||| Stepping ~*~*~tactically~*~*~ (hiding).
  3584 | D:5      | HP: 2/50 [orc priest/divine providence (15)]
  3585 | D:5      | 3585 ||| READING scroll of teleportation.
  3586 | D:5      | 3586 ||| DRINKING potion of heal wounds.
  3667 | D:5      | 3667 ||| Stepping ~*~*~tactically~*~*~ (hiding).
  3668 | D:5      | 3668 ||| Stepping ~*~*~tactically~*~*~ (hiding).
  3674 | D:5      | Reached skill level 1 in Dodging
  3900 | D:5      | Reached skill level 1 in Throwing
  3901 | D:5      | 3901 ||| Stepping ~*~*~tactically~*~*~ (stealth).
  4506 | D:5      | 4506 ||| READING 3 scrolls of identify.
  4506 | D:5      | 4506 ||| IDENTIFYING viscous puce potion
  4507 | D:5      | 4507 ||| READING 2 scrolls of identify.
  4507 | D:5      | 4507 ||| IDENTIFYING lumpy amethyst potion
  4552 | D:6      | 4552 ||| Stepping ~*~*~tactically~*~*~ (stealth).
  4553 | D:6      | 4553 ||| Stepping ~*~*~tactically~*~*~ (stealth).
  4571 | D:6      | Reached skill level 8 in Axes
  4571 | D:6      | 4571 ||| Stepping ~*~*~tactically~*~*~ (stealth).
  4578 | D:6      | 4578 ||| Stepping ~*~*~tactically~*~*~ (stealth).
  4589 | D:6      | Noticed Pikel
  4595 | D:6      | HP: 11/50 [Pikel/+2 whip of flaming (2)]
  4601 | D:6      | HP: 8/50 [white imp/puff of frost (5)]
  4606 | D:6      | Killed Pikel
  4607 | D:6      | Reached XP level 9. HP: 10/54 MP: 9/9
  4616 | D:6      | HP: 5/54 [orc priest/divine providence (8)]
  4836 | D:6      | Reached skill level 6 in Fighting
  5139 | D:6      | Found a shadowy altar of Dithmenos.
  5140 | D:6      | 5140 ||| Stepping ~*~*~tactically~*~*~ (stealth).
  5489 | D:6      | 5489 ||| READING scroll labelled PILOGI VOCAYM.
  5490 | D:6      | 5490 ||| DRINKING 2 glowing emerald potions.
  5491 | D:6      | 5491 ||| READING 3 scrolls of identify.
  5491 | D:6      | 5491 ||| IDENTIFYING dark potion
  5492 | D:6      | 5492 ||| READING 2 scrolls of identify.
  5492 | D:6      | 5492 ||| IDENTIFYING sedimented blue potion
  5493 | D:6      | 5493 ||| DROPPING potion of berserk rage.
  5494 | D:6      | 5494 ||| DROPPING potion of magic.
  5495 | D:6      | 5495 ||| DROPPING potion of flight.
  5548 | D:7      | Found a burning altar of Makhleb.
  5566 | D:7      | 5566 ||| Stepping ~*~*~tactically~*~*~ (water).
  5576 | D:7      | Reached skill level 9 in Axes
  5624 | D:7      | 5624 ||| Stepping ~*~*~tactically~*~*~ (stealth).
  5625 | D:7      | 5625 ||| Stepping ~*~*~tactically~*~*~ (stealth).
  5693 | D:7      | Noticed a cyclops
  5694 | D:7      | 5694 ||| Stepping ~*~*~tactically~*~*~ (hiding).
  5696 | D:7      | 5696 ||| Stepping ~*~*~tactically~*~*~ (stealth).
  5708 | D:7      | HP: 10/55 [cyclops (17)]
  5711 | D:7      | Killed a cyclops
  5713 | D:7      | HP: 9/57 [killer bee (2)]
  5723 | D:7      | HP: 10/57 [killer bee (2)]
  6032 | D:7      | Found a staircase to the Ecumenical Temple.
  6033 | D:7      | 6033 ||| PLANNING TEMPLE
  6042 | Temple   | Entered the Ecumenical Temple
  6137 | Temple   | 6137 ||| PLANNING D:1-11
  6305 | D:7      | Found an ornate altar of the Wu Jian Council.
  6417 | D:7      | Found a large runed translucent door.
  6418 | D:7      | Found a large runed translucent door.
  6621 | D:7      | Found a runed translucent gate.
  6621 | D:7      | Found a runed translucent gate.
  6621 | D:7      | Found a runed translucent gate.
  6621 | D:7      | Noticed qw's ghost (novice GrFi)
  6624 | D:7      | 6624 ||| UPGRADING to amulet of the acrobat.
  6633 | D:7      | Found a basalt altar of Yredelemnul.
  6742 | D:7      | Found a hazy altar of Hepliaklqana.
  6929 | D:8      | Found a snail-covered altar of Cheibriados.
  6930 | D:8      | 6930 ||| UPGRADING to +0 helmet.
  7044 | D:8      | Found a glowing golden altar of the Shining One.
  7358 | D:8      | Reached XP level 10. HP: 62/63 MP: 10/10
  7495 | D:8      | Reached skill level 10 in Axes
  7570 | D:8      | 7570 ||| Stepping ~*~*~tactically~*~*~ (stealth).
  7746 | D:8      | 7746 ||| Stepping ~*~*~tactically~*~*~ (hiding).
  8244 | D:9      | 8244 ||| Stepping ~*~*~tactically~*~*~ (stealth).
  8245 | D:9      | 8245 ||| Stepping ~*~*~tactically~*~*~ (stealth).
  8435 | D:9      | 8435 ||| Stepping ~*~*~tactically~*~*~ (hiding).
  8436 | D:9      | 8436 ||| Stepping ~*~*~tactically~*~*~ (hiding).
  8437 | D:9      | 8437 ||| Stepping ~*~*~tactically~*~*~ (hiding).
  8438 | D:9      | 8438 ||| Stepping ~*~*~tactically~*~*~ (hiding).
  8441 | D:9      | 8441 ||| Stepping ~*~*~tactically~*~*~ (hiding).
  8501 | D:9      | Reached skill level 11 in Axes
  8732 | D:9      | Identified the +1 leather armour of Zytil {rCorr}
  8826 | D:9      | 8826 ||| Stepping ~*~*~tactically~*~*~ (cloud).
  8843 | D:9      | HP: 16/64 [troll (5)]
  8844 | D:9      | 8844 ||| DRINKING potion of heal wounds.
  8848 | D:9      | 8848 ||| DRINKING 6 potions of curing.
  8848 | D:9      | 8848 ||| (to cure confusion)
  8853 | D:9      | HP: 11/65 [orc warrior/+0 war axe (8)]
  8856 | D:9      | 8856 ||| DRINKING 5 potions of curing.
  8856 | D:9      | 8856 ||| (to cure confusion)
  8857 | D:9      | 8857 ||| DRINKING 4 potions of curing.
  8857 | D:9      | 8857 ||| (to cure confusion)
  8858 | D:9      | 8858 ||| DRINKING 3 potions of curing.
  8858 | D:9      | 8858 ||| (to cure confusion)
  8860 | D:9      | Reached skill level 9 in Fighting
  8867 | D:9      | Reached XP level 11. HP: 19/71 MP: 11/11
  9317 | D:9      | Found a sparkling altar of Nemelex Xobeh.
  9347 | D:9      | 9347 ||| UPGRADING to +0 cloak.
  9352 | D:9      | 9352 ||| DROPPING +6 ring of intelligence.
  9353 | D:9      | 9353 ||| READING scroll labelled XARAOL PE HOAPA.
  9354 | D:9      | 9354 ||| READING scroll labelled TASICW QULEECO.
  9389 | D:10     | Entered Level 10 of the Dungeon
  9394 | D:10     | 9394 ||| Stepping ~*~*~tactically~*~*~ (stealth).
  9515 | D:10     | Found a staircase to the Lair.
  9516 | D:10     | Noticed a fire crab
  9518 | D:10     | 9518 ||| Stepping ~*~*~tactically~*~*~ (cloud).
  9624 | D:10     | Reached skill level 9 in Armour
  9806 | D:10     | HP: 12/71 [yak (6)]
  9806 | D:10     | HP: 4/71 [wight/+0 halberd (8)]
  9807 | D:10     | Slain by a yak

Levels and vault maps discovered:
D:1:      tarquinn_simple_flora_water_a, layout_basic, serial_park_tiny_1,
          minmay_split_cup_large
D:2:      layout_basic, basic_altar
D:3:      layout_loops_ring, grunt_temple_overflow_opulence,
          dreamdust_ecumenical_altar_statues, serial_shops, shop, uniq_natasha,
          uniq_ijyb, uniq_grinder
D:4:      minmay_razor_zed, layout_rooms, lemuel_crystal_altar
D:5:      layout_layer_cave, marbit_many_paths
D:6:      layout_basic, nicolae_dithmenos_the_darkroom,
          chequers_serial_rivers_small_b, supply_closet_lemuel, st_stairs_3,
          dreamdust_princess_bridge, uniq_pikel
D:7:      layout_basic, nicolae_hepliaklqana_hippocampus,
          mainiacjoe_overflow_tiny_flanked, nzn_wu_jian_council_hall,
          nicolae_yredelemnul_ghost_church, jmf_multi_god_temple2,
          minmay_temple_entry_statues_fountains
D:8:      layout_loops_corners, tso_metal_star, cheibrodos_worm_habitat,
          kennysheep_boxes
D:9:      layout_cave_pools, serial_park, serial_park_avenue1, serial_park_paths
          [serial_park_minivault_5x5_4], serial_park_tiny_2, serial_park_square3
          [serial_park_minivault_5x5_7], palyth_stone_intersect
D:10:     layout_stronghold, fedhas_ov_isle_minmay, minmay_lair_entry_lava,
          gammafunk_ghost_abyssal_escape, nicolae_hexahallways
Temple:   hellmonk_temple_beads

Skill      XL: |  1  2  3  4  5  6  7  8  9 10 11 |
---------------+----------------------------------+-----
Axes           | 2 3 4 5 7 8 9 11 | 11.4
Fighting       | 5 7 9 |  9.0
Armour         | 4 7 8 9 |  9.1
Dodging        | 1 |  1.2
Throwing       | 1 |  1.0
Shields        | 4 5 |  5.3

Action                     |  1- 3 |  4- 6 |  7- 9 | 10-12 || total
---------------------------+-------+-------+-------+-------++-------
  Melee: War axe           |   126 |   135 |   397 |   238 ||   896
  Throw: Boomerang         |       |    40 |    60 |    35 ||   135
    Use: Scroll            |     5 |     4 |     9 |     2 ||    20
         Potion            |     1 |     3 |     3 |     5 ||    12
 Armour: Scale mail        |    56 |       |       |       ||    56
         Plate armour      |     7 |    97 |   327 |   273 ||   704
  Dodge: Dodged            |    56 |    40 |   126 |   116 ||   338
  Block: Buckler           |    30 |    18 |    70 |    66 ||   184

Table legend:
 A = Non-vault XP
 B = Vault XP
 C = Vault XP percentage of total XP
 D = Non-vault monster count
 E = Vault monster count
 F = Vault count percentage of total count
                 A         B        C        D         E       F
            +---------+---------+-------+---------+---------+-------
      Total |    8530 |    2646 |  23.7 |     193 |      34 |  15.0
            +---------+---------+-------+---------+---------+-------
        D:1 |      57 |       9 |  13.6 |      33 |       4 |  10.8
        D:2 |      50 |       0 |   0.0 |      16 |       0 |   0.0
        D:3 |      92 |     354 |  79.4 |      13 |       3 |  18.8
        D:4 |     367 |     169 |  31.5 |      20 |      14 |  41.2
        D:5 |     384 |     118 |  23.5 |      16 |       1 |   5.9
        D:6 |     720 |     682 |  48.6 |      17 |       3 |  15.0
        D:7 |    1418 |      79 |   5.3 |      16 |       2 |  11.1
        D:8 |     880 |       5 |   0.6 |      20 |       1 |   4.8
        D:9 |    2751 |    1230 |  30.9 |      32 |       6 |  15.8
       D:10 |    1811 |       0 |   0.0 |      10 |       0 |   0.0
            +---------+---------+-------+---------+---------+-------
